[Event "Titled Tuesday Blitz December 7 2021"]
[White "Artemenko, Oleg"]
[Black "Ibrahimli, Murad"]
[WhiteFideId "14201798"]
[BlackFideId "13410229"]
[WhiteElo "2287"]
[BlackElo "2109"]
[Result "0-1"]
[Round "03"]
[TimeControl "180+1"]
[Date "2021.12.07"]
[WhiteClock "0:00:04"]
[BlackClock "0:00:10"]

1. d4 Nf6 2. Nc3 d5 3. Bf4 a6 4. e3 e6 5. g4 h6 6. Bg2 Bd6 7. h4 Bxf4 8. exf4 h5 9. g5 Ng8 10. Nf3 Ne7 11. Qd3 g6 12. O-O-O Nbc6 13. Rhe1 Qd6 14. Ne2 b6 15. Bh3 Bb7 16. Qc3 O-O-O 17. Ne5 Rhf8 18. Ng1 Nxe5 19. fxe5 Qd7 20. Qf3 Kb8 21. Kb1 Rc8 22. c3 c5 23. Ne2 a5 24. Rc1 Ba6 25. Nf4 cxd4 26. cxd4 Qa4 27. Qe3 Nc6 28. b3 Qa3 29. Qd2 Kb7 30. Qb2 Qxb2+ 31. Kxb2 Nxd4 32. Rcd1 Nf3 33. Rh1 Nxe5 34. Bg2 Ka7 35. Rhe1 Nc6 36. a3 Rc7 37. Bh3 Rfc8 38. Rd2 Nd8 39. Nxd5 exd5 40. Bxc8 Bxc8 41. Rxd5 Nc6 42. Re8 Be6 43. Rd2 Rd7 44. Rxd7+ Bxd7 45. Rf8 Be6 46. Kc3 Ne5 47. b4 axb4+ 48. axb4 Nf3 49. b5 Kb7 50. Kd3 Kc7 51. Ke4 Nxh4 52. f4 Nf5 53. Ke5 h4 54. Rh8 Bd7 55. Kf6 Be6 56. Ke5 Kd7 57. Rh7 Ke7 58. Rh8 Bd7 59. Ke4 Bxb5 60. Kf3 Bc6+ 61. Kg4 Bg2 62. Re8+ Kd6 63. Re6+ Kc5 64. Rf6 h3 65. Rxf7 h2 66. Rc7+ Bc6 67. Rc8 h1=Q 68. Rxc6+ Qxc6 69. Kh3 Qf3+ 70. Kh2 Ne3 71. f5 Qg2# 0-1


[Site "https://www.chess.com"]

[Event "Titled Tuesday Blitz December 7 2021"]
[White "Atabayev, Saparmyrat"]
[Black "Babazada, Khazar"]
[WhiteFideId "14000571"]
[BlackFideId "13413554"]
[WhiteElo "2483"]
[BlackElo "2302"]
[Result "0-1"]
[Round "03"]
[TimeControl "180+1"]
[Date "2021.12.07"]
[WhiteClock "0:00:04"]
[BlackClock "0:00:15"]

1. d4 Nf6 2. Nf3 e6 3. c4 Bb4+ 4. Bd2 Bxd2+ 5. Nbxd2 b6 6. e4 d6 7. Bd3 O-O 8. Qe2 Bb7 9. e5 dxe5 10. dxe5 Nfd7 11. O-O-O Qe7 12. h4 h6 13. g4 Nc6 14. g5 h5 15. g6 f6 16. Ng5 fxe5 17. Nde4 Rf5 18. Qxh5 Nf8 19. Ng3 Rf4 20. Nf7 Rxf7 21. gxf7+ Qxf7 22. Qxf7+ Kxf7 23. Be4 Na5 24. Bxb7 Nxb7 25. Ne4 a5 26. Rhg1 g6 27. Rg3 a4 28. h5 gxh5 29. Rdg1 Ke8 30. Rg7 Nd6 31. Nxd6+ cxd6 32. Rb7 Rd8 33. Rh1 d5 34. Rxh5 Rc8 35. Rxe5 Rxc4+ 36. Kd2 Rd4+ 37. Kc3 Rc4+ 38. Kd3 Rb4 39. Re2 Kd8 40. Rc2 Nd7 41. Ra7 Nc5+ 42. Ke2 d4 43. Kf3 e5 44. Rd2 Rc4 45. Rd1 e4+ 46. Kf4 Nd3+ 47. Kf5 Rc5+ 48. Ke6 Rc6+ 49. Kd5 Rc7 50. Rxc7 Kxc7 51. Kxd4 Nxf2 52. Rc1+ Kb7 53. Ke3 Nd3 54. Rc2 Nc5 55. Rc3 Kc6 56. Rc4 Kd5 57. Rd4+ Kc6 58. Rb4 b5 59. Rd4 Kb6 60. Rd2 Ka5 61. a3 Kb6 62. Rh2 Kc6 63. Rh6+ Kd5 64. Rh5+ Kc4 65. Rh2 Kb3 66. Kd4 Nd3 67. Kxe4 Nxb2 68. Kd4 Kxa3 0-1


[Site "https://www.chess.com"]

[Event "Titled Tuesday Blitz December 7 2021"]
[White "Atakhan, Abtin"]
[Black "Seletsky, Grigory"]
[WhiteFideId "22502203"]
[BlackFideId "14112191"]
[WhiteElo "2119"]
[BlackElo "2492"]
[Result "1-0"]
[Round "03"]
[TimeControl "180+1"]
[Date "2021.12.07"]
[WhiteClock "0:00:15"]
[BlackClock "0:00:08"]

1. e4 e6 2. d4 d5 3. e5 c5 4. c3 Qb6 5. Nf3 Nc6 6. Bd3 cxd4 7. O-O Bd7 8. Re1 Nge7 9. h4 dxc3 10. Nxc3 a6 11. Be3 Qd8 12. Na4 Nf5 13. Bxf5 exf5 14. Nb6 Rb8 15. Ng5 Be6 16. Qa4 d4 17. Nc4 dxe3 18. Rxe3 Be7 19. Rd1 Qc8 20. Nd6+ Bxd6 21. exd6 O-O 22. Qf4 Qd7 23. Rg3 Bxa2 24. b3 f6 25. Nh3 Rfe8 26. Qa4 Re2 27. Nf4 Rc2 28. Nh5 Kh8 29. Rxg7 Qe6 30. d7 Qe2 31. Rd5 Qxf2+ 32. Kh2 Qxh4+ 33. Qxh4 1-0


[Site "https://www.chess.com"]

[Event "Titled Tuesday Blitz December 7 2021"]
[White "Atakishiyev, Elmar"]
[Black "Demchenko, Anton"]
[WhiteFideId "13410547"]
[BlackFideId "4160258"]
[WhiteElo "2088"]
[BlackElo "2531"]
[Result "0-1"]
[Round "03"]
[TimeControl "180+1"]
[Date "2021.12.07"]
[WhiteClock "0:00:05"]
[BlackClock "0:00:05"]

1. d4 d5 2. c4 dxc4 3. Nf3 Nf6 4. e3 b5 5. a4 c6 6. Nc3 b4 7. Nb1 Ba6 8. Ne5 Qd5 9. Nd2 c3 10. bxc3 Bxf1 11. Kxf1 e6 12. c4 Qd8 13. Qf3 Qc7 14. Bb2 Bd6 15. Nd3 Be7 16. g3 O-O 17. Kg2 c5 18. Nxc5 Bxc5 19. dxc5 Nbd7 20. Bxf6 Nxf6 21. Nb3 Nd7 22. Qh5 Rac8 23. Rab1 g6 24. Qg5 Ne5 25. Qf4 Qc6+ 26. f3 Nd3 27. Qf6 Nxc5 28. Nd4 Qxa4 29. h4 Qa2+ 30. Kh3 Qxc4 31. h5 Nd7 32. Qh4 Qd5 33. hxg6 fxg6 34. Kg2 Rf7 35. Rbd1 Qc5 36. Nxe6 Qc2+ 37. Kg1 Qxd1+ 38. Kh2 Rc2+ 39. Kh3 Qxh1+ 40. Kg4 Qxf3+ 41. Kh3 Qf1+ 0-1


[Site "https://www.chess.com"]

[Event "Titled Tuesday Blitz December 7 2021"]
[White "Azadaliyev, Jahandar"]
[Black "Bouget, Alexandre"]
[WhiteFideId "13425811"]
[BlackFideId "681318"]
[WhiteElo "1795"]
[BlackElo "2178"]
[Result "1-0"]
[Round "03"]
[TimeControl "180+1"]
[Date "2021.12.07"]
[WhiteClock "0:00:13"]
[BlackClock "0:00:02"]

1. d4 g6 2. c4 Bg7 3. Nf3 Nf6 4. g3 d5 5. cxd5 Nxd5 6. Nc3 O-O 7. Bg2 Nc6 8. O-O Bf5 9. Nh4 Be6 10. e4 Nxc3 11. bxc3 Bc4 12. Re1 Na5 13. Ba3 Re8 14. Qc2 b6 15. Rad1 Rc8 16. Bc1 e6 17. Nf3 Qe7 18. Nd2 Ba6 19. e5 c5 20. Qb1 cxd4 21. cxd4 Red8 22. Ne4 Nc4 23. Bg5 Qa3 24. Bxd8 Rxd8 25. Nf6+ Kh8 26. d5 Nxe5 27. Rxe5 Bxf6 28. Re3 Qa4 29. Qb3 Bb5 30. Qxa4 Bxa4 31. Rd2 Bc6 32. Red3 Bb5 33. Rf3 Kg7 34. Re3 Bc6 35. d6 Bxg2 36. Kxg2 Rd7 37. f4 Bd8 38. Kf3 Kf8 39. Rc3 Ke8 40. Rc8 f6 41. Ke4 Kf7 42. g4 Ke8 43. f5 Kf7 44. fxe6+ Kxe6 45. Rd5 f5+ 46. gxf5+ gxf5+ 47. Rxf5 Rxd6 48. Re5+ Kf6 49. Re8 Be7 50. Rc7 Re6+ 51. Kf3 a5 52. Rh8 Kg6 53. Rg8+ Kf6 54. Rg4 Rd6 55. Rf4+ Ke6 56. Re4+ Kf5 57. Rcxe7 Rd3+ 58. Re3 Rd4 59. R3e5+ 1-0


[Site "https://www.chess.com"]

[Event "Titled Tuesday Blitz December 7 2021"]
[White "Baches Garcia, Guillermo"]
[Black "Kucuksari, Kaan"]
[WhiteFideId "2209764"]
[BlackFideId "6380166"]
[WhiteElo "2453"]
[BlackElo "2305"]
[Result "1/2-1/2"]
[Round "03"]
[TimeControl "180+1"]
[Date "2021.12.07"]
[WhiteClock "0:00:05"]
[BlackClock "0:00:06"]

1. e4 c5 2. Nf3 e6 3. d4 cxd4 4. Nxd4 a6 5. Bd3 Bc5 6. Nb3 Be7 7. Qg4 g6 8. Nc3 d6 9. O-O Nf6 10. Qe2 O-O 11. Bh6 Re8 12. Rad1 Nbd7 13. f4 Qc7 14. Kh1 b5 15. a3 Bb7 16. f5 exf5 17. exf5 Bf8 18. Qd2 Bxh6 19. Qxh6 Ng4 20. Qh4 Ne3 21. fxg6 hxg6 22. Rxf7 Bxg2+ 23. Kg1 Kxf7 24. Qh7+ Kf6 25. Qxg6+ Ke7 26. Qg5+ Nf6 27. Re1 Be4 28. Qxe3 Rg8+ 29. Kf1 Raf8 30. Ke2 d5 31. Nxd5+ Nxd5 32. Qxe4+ Kd6 33. Kd1 Re8 34. Qh4 Rxe1+ 35. Kxe1 Re8+ 36. Kd2 Qf7 37. Qg3+ Kc6 38. Nd4+ Kc5 39. Nf5 Qf6 40. Qf2+ Kc6 41. Qa7 Qg5+ 42. Kd1 Qg4+ 43. Kd2 Qf4+ 44. Kd1 Qf3+ 45. Kd2 Qf4+ 46. Kd1 Ne3+ 47. Nxe3 Qxe3 48. Qxa6+ Kc7 49. Qa5+ Kb8 50. Qxb5+ Kc7 51. Qc4+ Kb8 52. Qb5+ Kc7 53. Qc4+ Kd6 54. Qb4+ Kc7 55. Qc4+ 1/2-1/2


[Site "https://www.chess.com"]

[Event "Titled Tuesday Blitz December 7 2021"]
[White "Bacrot, Etienne"]
[Black "Blohberger, Felix"]
[WhiteFideId "605506"]
[BlackFideId "1632051"]
[WhiteElo "2673"]
[BlackElo "2416"]
[Result "1-0"]
[Round "03"]
[TimeControl "180+1"]
[Date "2021.12.07"]
[WhiteClock "0:00:07"]
[BlackClock "0:00:01"]

1. e4 c5 2. Nf3 d6 3. Bb5+ Bd7 4. Bxd7+ Nxd7 5. O-O Ngf6 6. Re1 e6 7. c3 Be7 8. d4 O-O 9. h3 cxd4 10. cxd4 Nb6 11. Nc3 Rc8 12. Qd3 Qd7 13. Bf4 a6 14. Rad1 Nc4 15. Bc1 b5 16. e5 dxe5 17. dxe5 Qxd3 18. Rxd3 Ne8 19. Red1 Nc7 20. Rd7 Rfe8 21. Ne4 Nb6 22. Nd6 Bxd6 23. R7xd6 Ncd5 24. b3 Red8 25. Rxd8+ Rxd8 26. Be3 Rb8 27. Bxb6 Rxb6 28. Rc1 h6 29. Rc8+ Kh7 30. Nd2 Kg6 31. Ne4 Kf5 32. Nc5 Nb4 33. g4+ Kg6 34. a3 Nd5 35. Kg2 a5 36. Kg3 a4 37. b4 f5 38. f4 Ne3 39. Kf3 Nc4 40. Nd7 1-0


[Site "https://www.chess.com"]

[Event "Titled Tuesday Blitz December 7 2021"]
[White "Barria Zuniga, Daniel"]
[Black "Obolenskikh, Dmitry"]
[WhiteFideId "3400816"]
[BlackFideId "4156013"]
[WhiteElo "2414"]
[BlackElo "2512"]
[Result "0-1"]
[Round "03"]
[TimeControl "180+1"]
[Date "2021.12.07"]
[WhiteClock "0:00:07"]
[BlackClock "0:01:08"]

1. c4 e6 2. g3 d5 3. Bg2 Nf6 4. Nf3 c6 5. O-O Be7 6. d4 b6 7. Nc3 O-O 8. Qd3 Ba6 9. b3 Nbd7 10. Bg5 Rc8 11. Rfd1 c5 12. Nb5 Bxb5 13. cxb5 Ne4 14. Bxe7 Qxe7 15. Rac1 f5 16. e3 Rc7 17. Rc2 Rfc8 18. Rdc1 g5 19. a4 g4 20. Nh4 Ndf6 21. dxc5 Rxc5 22. Bf1 Rxc2 23. Rxc2 Rxc2 24. Qxc2 Qc5 25. Bd3 Qxc2 26. Bxc2 Kf7 27. f3 Nd2 28. f4 Ke7 29. Kf2 Kd6 30. Ke2 Nde4 31. b4 Ke7 32. Kd3 Nd6 33. Kd4 Nc4 34. Ng2 Nd2 35. Nh4 Nf3+ 36. Nxf3 gxf3 37. Bd1 f2 38. Be2 Ng4 39. h3 Nh2 40. Kd3 h5 41. Kd2 f1=Q 42. Bxf1 Nxf1+ 43. Ke2 Nxg3+ 0-1


[Site "https://www.chess.com"]

[Event "Titled Tuesday Blitz December 7 2021"]
[White "Begmuratov, Khumoyun"]
[Black "Pour Agha Bala, Amirreza"]
[WhiteFideId "14210207"]
[BlackFideId "12572896"]
[WhiteElo "1961"]
[BlackElo "2313"]
[Result "0-1"]
[Round "03"]
[TimeControl "180+1"]
[Date "2021.12.07"]
[WhiteClock "0:00:02"]
[BlackClock "0:00:19"]

1. e4 c5 2. Nf3 Nc6 3. d4 cxd4 4. Nxd4 e6 5. c4 Nf6 6. Nxc6 bxc6 7. Bd3 d5 8. cxd5 cxd5 9. exd5 Nxd5 10. O-O Be7 11. Re1 O-O 12. Nc3 Bb7 13. Ne4 Rc8 14. Ng3 Nb4 15. Bb1 Qc7 16. Qg4 Nc2 17. Bh6 Bf6 18. Nh5 Bxb2 19. Nxg7 f5 20. Nxf5+ Kh8 21. Bxc2 exf5 22. Bxf5 Rg8 23. Bxc8 Bxa1 24. Qd1 Rxg2+ 25. Kf1 Qc4+ 26. Qe2 Qxe2+ 27. Rxe2 Bf3 28. Re8+ Rg8 29. Re3 Bg2+ 30. Ke2 Rxc8 31. Re8+ Rxe8+ 0-1


[Site "https://www.chess.com"]

[Event "Titled Tuesday Blitz December 7 2021"]
[White "Belyakov, Bogdan"]
[Black "Brunner, Nicolas"]
[WhiteFideId "24104795"]
[BlackFideId "620246"]
[WhiteElo "2407"]
[BlackElo "2372"]
[Result "1/2-1/2"]
[Round "03"]
[TimeControl "180+1"]
[Date "2021.12.07"]
[WhiteClock "0:00:47"]
[BlackClock "0:00:11"]

1. e4 e5 2. Nf3 Nc6 3. Bc4 Nf6 4. d4 exd4 5. e5 d5 6. Bb5 Ne4 7. Nxd4 Bc5 8. Be3 O-O 9. Nxc6 bxc6 10. Bxc5 Nxc5 11. Bxc6 Rb8 12. O-O Rxb2 13. Bxd5 Ba6 14. Re1 Nd3 15. Bb3 Nxe1 16. Qxe1 c5 17. Nd2 c4 18. Nxc4 Bxc4 19. Bxc4 Rxc2 20. Bb3 Rd2 21. g3 Qd4 22. Rc1 a5 23. Rc7 a4 24. Rc4 Qb2 25. Rxa4 Re2 26. Qf1 Qxe5 27. Kg2 g6 28. Rf4 Kg7 29. Qd1 h5 30. h4 Qe7 31. Qd4+ Qe5 32. Qd7 Qe7 33. Qd4+ Qe5 34. Qd7 Qe7 35. Qd3 f5 36. Rd4 Qe5 37. Rd7+ Kh6 38. Rd4 f4 39. Rxf4 Rxf4 40. gxf4 Qe4+ 41. Qxe4 Rxe4 42. Kf3 Rb4 43. Ke3 Kg7 44. Bd5 Kf6 45. Be4 Rb2 46. a4 Ra2 47. Bc6 Kf5 48. Bd7+ Kf6 49. Kf3 Ra3+ 50. Kg2 Ra2 51. Kg3 Ra3+ 52. f3 Ra2 53. Bc6 Rc2 54. Bb5 Rb2 55. Bc6 Kf5 56. Bd7+ Kf6 57. Bb5 Ra2 58. Bc6 Ra3 59. Bb5 Ra2 60. Bc6 1/2-1/2


[Site "https://www.chess.com"]

[Event "Titled Tuesday Blitz December 7 2021"]
[White "Berezin, Viktor"]
[Black "Moksh Amit Doshi"]
[WhiteFideId "14107872"]
[BlackFideId "25064967"]
[WhiteElo "2310"]
[BlackElo "2245"]
[Result "1-0"]
[Round "03"]
[TimeControl "180+1"]
[Date "2021.12.07"]
[WhiteClock "0:01:21"]
[BlackClock "0:00:55"]

1. d4 Nf6 2. Nf3 g6 3. g3 Bg7 4. Bg2 O-O 5. O-O d5 6. a4 a5 7. Nc3 c6 8. Ne5 Nbd7 9. Nxd7 Bxd7 10. e4 dxe4 11. Re1 Bg4 12. Qd2 Bf3 13. Bxf3 exf3 14. Qf4 Nd5 15. Nxd5 Qxd5 16. c3 Rfe8 17. Bd2 e5 18. dxe5 Bxe5 19. Qg5 Bg7 20. Qf4 Rad8 21. Be3 Re4 22. Qxf3 Rde8 23. Rad1 Qb3 24. Rd7 R4e7 25. Red1 Qxa4 26. Rxe7 Rxe7 27. Rd8+ Bf8 28. Bh6 1-0


[Site "https://www.chess.com"]

[Event "Titled Tuesday Blitz December 7 2021"]
[White "Bloomer, Josh"]
[Black "Pert, Richard G"]
[WhiteFideId "2020416"]
[BlackFideId "404748"]
[WhiteElo "2409"]
[BlackElo "2441"]
[Result "1-0"]
[Round "03"]
[TimeControl "180+1"]
[Date "2021.12.07"]
[WhiteClock "0:00:29"]
[BlackClock "0:00:34"]

1. e4 c5 2. Nf3 d6 3. d4 cxd4 4. Qxd4 Nc6 5. Qe3 Nf6 6. Be2 g6 7. O-O Bg7 8. h3 O-O 9. Rd1 Nd7 10. Nc3 Nc5 11. a3 f5 12. Bc4+ Kh8 13. exf5 Bxf5 14. Ng5 Ne5 15. Ba2 Bxc2 16. Rf1 Bb3 17. Bxb3 Nxb3 18. Ne6 Qc8 19. Nxg7 Nxa1 20. f4 Nc4 21. Qxe7 Qd8 22. Qe6 Rc8 23. f5 Kxg7 24. f6+ Rxf6 25. Rxf6 Qxf6 26. Bh6+ Kxh6 27. Qxf6 Nb3 28. Ne4 Ne5 29. Nxd6 Rc1+ 30. Kh2 Re1 31. Nf5+ Kh5 32. Qh4# 1-0


[Site "https://www.chess.com"]

[Event "Titled Tuesday Blitz December 7 2021"]
[White "Bologan, Victor"]
[Black "Vlassov, Nikolai"]
[WhiteFideId "13900048"]
[BlackFideId "4103360"]
[WhiteElo "2472"]
[BlackElo "2407"]
[Result "1/2-1/2"]
[Round "03"]
[TimeControl "180+1"]
[Date "2021.12.07"]
[WhiteClock "0:00:18"]
[BlackClock "0:00:11"]

1. e4 Nc6 2. Nf3 d5 3. exd5 Qxd5 4. Nc3 Qa5 5. Bb5 Bd7 6. b4 Qxb4 7. Rb1 Qd6 8. O-O Nf6 9. d4 e6 10. Rb3 Na5 11. Ba3 Qf4 12. Bxf8 Nxb3 13. Bxg7 Rg8 14. Bxf6 Qxf6 15. Bxd7+ Kxd7 16. axb3 Rad8 17. Qe2 Kc8 18. Ne4 Qf4 19. Qe3 Rg4 20. Re1 b6 21. g3 Qxe3 22. Rxe3 Kb7 23. Nf6 Rg7 24. Kf1 a6 25. Ke2 a5 26. h4 b5 27. Ne4 Kb6 28. Nc3 Ra8 29. Re5 c6 30. Nb1 Kc7 31. Rc5 Kd6 32. Ne5 Ra6 33. c4 f6 34. Nd3 Rb7 35. Nd2 a4 36. Ne4+ Ke7 37. cxb5 cxb5 38. Rc1 Rba7 39. Nec5 Rd6 40. bxa4 bxa4 41. Ke3 a3 42. Ra1 Rb6 43. Ra2 Rb5 44. Kd2 e5 45. dxe5 fxe5 46. Ne4 Rb1 47. Nc3 Rb8 48. Nxe5 Ke6 49. Nd3 Rd8 50. Kc2 Kf5 51. f3 Rad7 52. g4+ Kf6 53. Ne4+ Kg7 54. Nec5 Ra7 55. g5 Kg6 56. Kc3 Kh5 57. f4 Kxh4 58. Kc4 Kg4 59. Ne5+ Kxf4 60. Nc6 Rda8 61. Nxa7 Rxa7 62. Kb5 Kxg5 63. Kb6 Ra8 64. Kb5 h5 65. Na4 h4 66. Rxa3 Kg4 67. Ra1 h3 68. Rg1+ Kf3 69. Rg7 h2 70. Rh7 Kg2 71. Rg7+ Kf2 72. Rf7+ Kg2 73. Rg7+ Kf2 74. Rf7+ Kg2 75. Rg7+ 1/2-1/2


[Site "https://www.chess.com"]

[Event "Titled Tuesday Blitz December 7 2021"]
[White "Borsuk, Konstantin"]
[Black "Pacheco Lugo, Alejandro Jose"]
[WhiteFideId "14113406"]
[BlackFideId "3903745"]
[WhiteElo "2406"]
[BlackElo "2125"]
[Result "0-1"]
[Round "03"]
[TimeControl "180+1"]
[Date "2021.12.07"]
[WhiteClock "0:00:09"]
[BlackClock "0:00:22"]

1. c4 Nf6 2. g3 e6 3. Bg2 d5 4. cxd5 exd5 5. Nf3 Be7 6. O-O O-O 7. b3 Re8 8. Bb2 c6 9. d3 Nbd7 10. Nbd2 a5 11. Qc2 a4 12. e4 a3 13. Bc3 dxe4 14. dxe4 Nc5 15. e5 Nd5 16. Rad1 Nxc3 17. Qxc3 Qd3 18. Qa1 Qg6 19. Nc4 Be6 20. Nd6 Red8 21. Qd4 Na6 22. Qb6 Rdb8 23. Nd4 Bd8 24. Nxc6 Bxb6 25. Ne7+ Kh8 26. Nxg6+ hxg6 27. Nxb7 Ra7 28. Nd6 Nb4 29. Rd2 Ba5 30. Rc1 Nc6 31. Re2 Nd4 32. Re4 Nxb3 33. axb3 a2 34. Ra4 Bxb3 35. Ra3 Bb6 36. Rxb3 a1=Q 37. Rxa1 Rxa1+ 38. Bf1 Bxf2+ 39. Kxf2 Rxb3 40. Nxf7+ Kg8 41. Bc4 Rb2+ 42. Ke3 Re1+ 43. Kd4 Rd2+ 44. Kc5 Rc1 45. Nd6+ Kf8 46. h4 Re2 47. Kd4 Rd1+ 48. Kc3 Rxe5 49. Nb5 Re3+ 50. Kb4 Rxg3 0-1


[Site "https://www.chess.com"]

[Event "Titled Tuesday Blitz December 7 2021"]
[White "Bortnyk, Olexandr"]
[Black "Shahade, Gregory"]
[WhiteFideId "14120828"]
[BlackFideId "2009064"]
[WhiteElo "2723"]
[BlackElo "2680"]
[Result "1-0"]
[Round "03"]
[TimeControl "180+1"]
[Date "2021.12.07"]
[WhiteClock "0:00:11"]
[BlackClock "0:00:05"]

1. e4 e5 2. Nf3 Nc6 3. Bb5 a6 4. Ba4 Nf6 5. O-O Be7 6. Nc3 b5 7. Bb3 O-O 8. Re1 d6 9. a4 b4 10. Nd5 Na5 11. Nxe7+ Qxe7 12. d4 Nxb3 13. cxb3 exd4 14. Qxd4 c5 15. Qd3 Ng4 16. Bf4 Ne5 17. Bxe5 dxe5 18. Qd5 Be6 19. Qxe5 f6 20. Qg3 Bxb3 21. a5 Be6 22. Rac1 c4 23. Nd4 Rac8 24. e5 f5 25. Qf3 Qf7 26. Nc2 c3 27. Nxb4 cxb2 28. Rb1 Qc7 29. Qa3 Rfd8 30. h3 Rd2 31. Rxb2 Rxb2 32. Qxb2 Qxa5 33. Qd4 h6 34. Ra1 Qc7 35. Rxa6 Qc1+ 36. Kh2 Rc4 37. Qd8+ Kh7 38. Nd3 Qd1 39. Rxe6 Rc1 40. Re8 Qg1+ 41. Kg3 f4+ 42. Kxf4 Rc4+ 43. Kg3 Rc3 44. Rh8+ Kg6 45. Qe8+ Kf5 46. Qf7+ Ke4 47. Qf3+ Kd4 48. Rd8+ Kc4 49. Qd5# 1-0


[Site "https://www.chess.com"]

[Event "Titled Tuesday Blitz December 7 2021"]
[White "Brunello, Marina"]
[Black "Goryachkina, Aleksandra"]
[WhiteFideId "822590"]
[BlackFideId "4147103"]
[WhiteElo "2328"]
[BlackElo "2441"]
[Result "0-1"]
[Round "03"]
[TimeControl "180+1"]
[Date "2021.12.07"]
[WhiteClock "0:01:05"]
[BlackClock "0:00:46"]

1. e4 e6 2. d4 d5 3. e5 c5 4. c3 Nc6 5. Nf3 Nge7 6. Na3 Nf5 7. Nc2 Bd7 8. Bd3 c4 9. Bxf5 exf5 10. h4 Be6 11. Ng5 Be7 12. g3 Qd7 13. Nh3 h6 14. Nf4 O-O-O 15. h5 Bg5 16. b3 Bxf4 17. Bxf4 g5 18. hxg6 fxg6 19. Rxh6 Rxh6 20. Bxh6 Rh8 21. Qd2 Qh7 22. Bg5 Qh1+ 23. Ke2 Qe4+ 24. Ne3 f4 25. Bh4 Bg4+ 26. Ke1 fxe3 27. Qxe3 Qh1+ 0-1


[Site "https://www.chess.com"]

[Event "Titled Tuesday Blitz December 7 2021"]
[White "Buchenau, Frank"]
[Black "Nikologorskiy, Konstantin"]
[WhiteFideId "4604350"]
[BlackFideId "24111708"]
[WhiteElo "2193"]
[BlackElo "2346"]
[Result "1-0"]
[Round "03"]
[TimeControl "180+1"]
[Date "2021.12.07"]
[WhiteClock "0:00:45"]
[BlackClock "0:00:05"]

1. e4 c5 2. Nf3 d6 3. Bb5+ Bd7 4. Bxd7+ Qxd7 5. c4 e5 6. Nc3 Nc6 7. O-O g6 8. d3 Bg7 9. a3 Nge7 10. Rb1 O-O 11. b4 b6 12. Bd2 f5 13. Nd5 Nxd5 14. cxd5 Nd8 15. bxc5 dxc5 16. Bc3 Nf7 17. a4 Rfe8 18. Re1 Nd6 19. Ng5 f4 20. Ne6 Rxe6 21. dxe6 Qxe6 22. Qb3 Qxb3 23. Rxb3 Kf7 24. g3 g5 25. gxf4 gxf4 26. Kg2 Ke6 27. Kf3 Bf6 28. Rg1 Rd8 29. Rg4 c4 30. dxc4 Nxc4 31. Be1 Rd4 32. Rg8 Be7 33. Rg7 h5 34. Rg6+ Kd7 35. Rh6 h4 36. Rh7 Ke6 37. h3 a5 38. Bc3 Rd3+ 39. Ke2 Rxh3 40. Rxe7+ Kxe7 41. Bb4+ axb4 42. Rxh3 Kd6 43. Rxh4 b3 44. Rh3 b2 45. Rb3 Kc5 46. Kd3 f3 47. Rb5+ Kc6 48. Kxc4 1-0


[Site "https://www.chess.com"]

[Event "Titled Tuesday Blitz December 7 2021"]
[White "Ceres, Dragos"]
[Black "Makarian, Rudik"]
[WhiteFideId "13905864"]
[BlackFideId "44105681"]
[WhiteElo "2094"]
[BlackElo "2486"]
[Result "0-1"]
[Round "03"]
[TimeControl "180+1"]
[Date "2021.12.07"]
[WhiteClock "0:00:01"]
[BlackClock "0:00:33"]

1. e4 c6 2. d4 d5 3. f3 e6 4. Nc3 Bb4 5. a3 Bxc3+ 6. bxc3 Nf6 7. Bd3 b6 8. e5 Nfd7 9. a4 Ba6 10. Ba3 c5 11. f4 O-O 12. Nf3 f5 13. O-O Re8 14. a5 Nc6 15. Bxa6 Nxa5 16. Bb5 a6 17. Bxd7 Qxd7 18. dxc5 Nc4 19. Qd4 bxc5 20. Bxc5 Rec8 21. Qf2 a5 22. Rfb1 a4 23. Bb4 a3 24. Nd2 a2 25. Rb3 Nxd2 26. Qxd2 Ra4 27. Rb2 Rca8 28. Qd4 Qb5 29. Kf2 Qa6 30. g3 Rc8 31. Qd3 Rc4 32. Bd6 h6 33. h4 Kh7 34. Kg2 Qc6 35. Kh2 Rxc3 36. Qb5 Rxc2+ 37. Kh3 Qxb5 38. Rxb5 Re4 39. Ra5 Ree2 40. Rh1 d4 41. Bc5 d3 42. Bb4 d2 0-1


[Site "https://www.chess.com"]

[Event "Titled Tuesday Blitz December 7 2021"]
[White "Chen, Justin"]
[Black "Topalov, Aleksandar"]
[WhiteFideId "2098199"]
[BlackFideId "925659"]
[WhiteElo "2613"]
[BlackElo "2179"]
[Result "0-1"]
[Round "03"]
[TimeControl "180+1"]
[Date "2021.12.07"]
[WhiteClock "0:00:03"]
[BlackClock "0:00:12"]

1. e4 e6 2. d4 d5 3. Nc3 Bb4 4. exd5 exd5 5. Bd3 Ne7 6. Ne2 Bf5 7. O-O O-O 8. a3 Bxc3 9. Nxc3 Nbc6 10. Be3 Qd7 11. Qd2 Ng6 12. Rae1 Rfe8 13. Ne2 Re7 14. Ng3 Bxd3 15. Qxd3 Rae8 16. Nf5 Re6 17. Rd1 Re4 18. Ng3 f5 19. Nxf5 Qxf5 20. f3 Nh4 21. fxe4 Qg4 22. Qd2 dxe4 23. Kh1 Nf5 24. Rde1 Qh5 25. Qf2 Nce7 26. Kg1 g6 27. c3 Nd5 28. Bc1 e3 29. Qe2 Qg5 30. Rf3 b5 31. Ref1 c6 32. Kh1 h5 33. Kg1 Re4 34. Kh1 h4 35. h3 Ng3+ 36. Rxg3 hxg3 37. Rf3 Nf4 38. Qe1 Nd3 39. Qd1 Nxc1 40. Qxc1 e2 41. Qe1 Qd2 42. Qxg3 e1=Q+ 43. Kh2 Qxg3+ 44. Kxg3 0-1


[Site "https://www.chess.com"]

[Event "Titled Tuesday Blitz December 7 2021"]
[White "Daniel, Damian"]
[Black "Nazaretyan, Tigran"]
[WhiteFideId "1183621"]
[BlackFideId "24162345"]
[WhiteElo "2055"]
[BlackElo "2192"]
[Result "1/2-1/2"]
[Round "03"]
[TimeControl "180+1"]
[Date "2021.12.07"]
[WhiteClock "0:00:17"]
[BlackClock "0:00:49"]

1. Nf3 Nf6 2. c4 g6 3. Nc3 Bg7 4. e4 O-O 5. d4 d6 6. h3 c5 7. d5 e6 8. Bd3 Na6 9. O-O e5 10. Be3 Nh5 11. Qd2 f5 12. Bg5 Qe8 13. Nb5 Qf7 14. Nxd6 Qd7 15. Nxc8 Raxc8 16. exf5 gxf5 17. Bc2 e4 18. Nh4 Bxb2 19. Rab1 Be5 20. Qe2 Ng7 21. f4 Bd4+ 22. Kh1 b6 23. g4 Rce8 24. gxf5 Nxf5 25. Nxf5 Qxf5 26. Qg4 Qxg4 27. hxg4 Nb4 28. Ba4 e3 29. Bxe8 Rxe8 30. Rbe1 e2 31. Rf3 Nc2 32. Bh4 Nxe1 33. Bxe1 a6 34. Kg2 b5 35. cxb5 axb5 36. f5 Ra8 37. a3 Ra4 38. d6 Ra6 39. Bg3 Kf7 40. g5 b4 41. axb4 cxb4 42. f6 Bc3 43. d7 Ra8 44. Rd3 Rd8 45. Kf3 e1=Q 46. Bxe1 Bxe1 47. Ke4 b3 48. Rxb3 Rxd7 49. Rb5 Bd2 50. Kf5 Ra7 51. Re5 Ra5 52. Rxa5 Bxa5 53. Kg4 Kg6 54. Kh3 Kxg5 55. f7 Bb4 56. Kh2 Bf8 57. Kh1 Kg4 58. Kg1 Kh3 59. Kh1 Kg3 60. Kg1 Kh3 61. Kh1 Kg4 62. Kg1 Kh5 63. Kh1 Kg6 64. Kg1 Kxf7 65. Kh1 Ke6 66. Kg1 Kf5 67. Kh1 Kg4 68. Kg1 Kh3 69. Kh1 Bd6 70. Kg1 Bf4 71. Kh1 Be3 1/2-1/2


[Site "https://www.chess.com"]

[Event "Titled Tuesday Blitz December 7 2021"]
[White "Demin, Vladimir"]
[Black "Le, Tuan Minh"]
[WhiteFideId "4167457"]
[BlackFideId "12401153"]
[WhiteElo "2502"]
[BlackElo "2450"]
[Result "0-1"]
[Round "03"]
[TimeControl "180+1"]
[Date "2021.12.07"]
[WhiteClock "0:00:18"]
[BlackClock "0:00:11"]

1. e4 c5 2. Nf3 Nf6 3. e5 Nd5 4. d4 cxd4 5. Qxd4 e6 6. c3 Nc6 7. Qe4 f5 8. Qe2 d6 9. g3 dxe5 10. Nxe5 Nxe5 11. Qxe5 Qd6 12. Qe2 Be7 13. Bg2 O-O 14. O-O Bf6 15. Rd1 Qc5 16. Nd2 Bd7 17. Nb3 Qc8 18. Nd4 Kh8 19. h4 a6 20. a4 Qe8 21. a5 Rd8 22. Bg5 Qf7 23. Re1 e5 24. Bxf6 gxf6 25. Nc2 f4 26. Rad1 Bc6 27. Kh2 Rg8 28. Rg1 Qg6 29. Be4 Nxc3 30. Bxg6 Nxe2 31. Bf7 Nxg1 0-1


[Site "https://www.chess.com"]